 Dungeon Crawl Stone Soup version 0.22-a0-166-g5351223 (webtiles) character file.

107972 varam the Brawler (level 16, -3/163 HPs)
             Began as a Troll Warper on Feb 13, 2018.
             Was a High Priest of Okawaru.
             Slain by a seven-headed hydra (7 damage)
             ... on level 15 of the Dungeon.
             The game lasted 02:01:16 (24881 turns).

varam the Brawler (Troll Warper)                   Turns: 24881, Time: 02:01:17

Health: -3/163     AC:  6    Str: 27    XL:     16   Next: 1%
Magic:  15/19      EV: 15    Int: 14    God:    Okawaru [*****.]
Gold:   2541       SH: 14    Dex:  9    Spells: 7/21 levels left

rFire    + . .     SeeInvis +     - Unarmed
rCold    + + .     Gourm    +   P - +0 shield {rPois}
rNeg     + . .     Faith    .   M - +2 robe {rC+ rF+}
rPois    +         Spirit   .   g - -1 hat of the Blue Moon {rC+ rCorr}
rElec    .         Reflect  .   t - scarf {repulsion}
rCorr    +         Harm     .   (gloves unavailable)
MR       +....                  (boots unavailable)
Stlth    ++++......             E - amulet of regeneration
HPRegen  1.17/turn              L - ring of Joy {rN+ Str+4 Stlth+}
MPRegen  0.16/turn              S - ring of see invisible

@: heroism, repel missiles
A: large, unfitting armour, claws 3, fast metabolism 3, gourmand, regeneration
1, shaggy fur 1, tough skin 2
a: Heroism, Finesse, Renounce Religion


You were on level 15 of the Dungeon.
You worshipped Okawaru.
Okawaru was extremely pleased with you.
You were very full.

You visited 3 branches of the dungeon, and saw 23 of its levels.
You also visited: Ossuary and Ice Cave.

You collected 2919 gold pieces.
You spent 378 gold pieces at shops.

Inventory:

Hand Weapons
 V - the +8 hunting sling of Saltpetre {flame, rPois MR+ Str-5}
   (Okawaru gifted it to you in an ice cave)

   It causes projectiles fired from it to burn those they strike, causing extra
   injury to most foes and up to half again as much damage against particularly
   susceptible opponents.
   It affects your strength (-5).
   It protects you from poison.
   It affects your resistance to hostile enchantments.
Missiles
 i - 71 sling bullets
 j - 2 javelins of returning
 s - 6 poisoned javelins
 B - 2 silver tomahawks
 N - 2 steel tomahawks
 R - 17 tomahawks of returning
 U - 14 large rocks (quivered)
Armour
 d - a +2 large shield of protection
 g - the -1 hat of the Blue Moon (worn) {rC+ rCorr}
   (Okawaru gifted it to you on level 2 of the Orcish Mines)

   It protects you from cold.
   It protects you from acid and corrosion.
 t - a scarf of repulsion (worn)
 M - a +2 robe of resistance (worn)
 P - a +0 shield of poison resistance (worn)
Magical Staves
 K - an uncursed staff of wizardry
Jewellery
 c - an uncursed ring of protection from magic
 m - a +3 ring of intelligence
 z - an uncursed ring of resist corrosion
 E - an amulet of regeneration (around neck)
 I - a ring of the Octopus King {rC+ AC+1 EV+1 Str+1 Int+1 Dex+1}
   (You bought it in a shop on level 9 of the Dungeon)

   [ring of protection from cold]

   It affects your AC (+1).
   It affects your evasion (+1).
   It affects your strength (+1).
   It affects your intelligence (+1).
   It affects your dexterity (+1).
   It protects you from cold.
 L - the ring of Joy (left claw) {rN+ Str+4 Stlth+}
   (You found it in an ice cave)

   [ring of positive energy]

   It affects your strength (+4).
   It protects you from negative energy.
   It makes you more stealthy.
 S - a ring of see invisible (right claw)
Wands
 q - a wand of enslavement (9)
 D - a wand of paralysis (38)
 H - a wand of iceblast (17)
 O - a wand of flame (50)
 T - a wand of acid (13)
 Y - a wand of digging (13)
Scrolls
 e - 3 scrolls of identify
 h - 17 scrolls of teleportation
 u - 11 scrolls of remove curse
 w - 2 scrolls of fear
 F - a scroll of fog
 Q - a scroll of enchant armour
 W - a scroll of amnesia
 X - a scroll of vulnerability
Potions
 b - 5 potions of brilliance
 k - a potion of might
 l - a potion of lignification
 n - 2 potions of haste
 o - 2 potions of curing
 p - 3 potions of flight
 r - 3 potions of agility
 v - a potion of invisibility
 C - 4 potions of berserk rage
 G - a potion of mutation
 J - 5 potions of heal wounds
 Z - 3 potions of magic
Miscellaneous
 x - 2 phantom mirrors
Comestibles
 f - 60 rations


   Skills:
 + Level 11.4(16.4) Fighting
 - Level 5.2(10.2) Throwing
 - Level 8.0(13.0) Dodging
 + Level 10.3(15.3) Shields
 - Level 16.0(21.0) Unarmed Combat
 - Level 3.0 Spellcasting
 - Level 3.1 Charms
 - Level 3.0 Necromancy
 - Level 7.1 Translocations
 - Level 4.1 Invocations


You had 7 spell levels left.
You knew the following spells:

 Your Spells              Type           Power        Failure   Level  Hunger
a - Shroud of Golubria    Chrm/Tloc      ###.......   4%          2    ##.....
b - Lesser Beckoning      Tloc           ###.......   3%          3    ###....
c - Passage of Golubria   Tloc           N/A          12%         4    #####..
d - Song of Slaying       Chrm           ##......     9%          2    ##.....
e - Regeneration          Chrm/Necr      ##........   19%         3    ###....


Dungeon Overview and Level Annotations

Branches:
Dungeon (15/15)            Temple (0/1) D:4            Lair (6/6) D:10
 Shoals (0/4) Lair:4       Spider (0/4) Lair:3        Slime (0/5) Lair:6
    Orc (2/2) D:12            Elf (0/3) Orc:2        Vaults (0/5) D:13
 Depths: D:15

Altars:
Ashenzari
Elyvilon
Fedhas
Hepliaklqana
Kikubaaqudgha
Makhleb
Okawaru
Qazlal
Ru
Uskayaw
Vehumet
Yredelemnul
The Shining One

Shops:
D:4 %   D:9 *   Orc:1 =   Orc:2 %=(??

Annotations:
D:15 Sonja
Lair:1 exclusion: oklob plant


Innate Abilities, Weirdness & Mutations

You are too large for most types of armour.
You have claws for hands.
Your metabolism is lightning-fast.
You like to eat raw meat.
Your natural rate of healing is unusually fast.
You are covered in fur. (AC +1)
You have very tough skin. (AC +2)


Message History

You throw a large rock.
The large rock hits the seven-headed hydra.
The seven-headed hydra is heavily wounded.
You block the seven-headed hydra's attack. x2
The seven-headed hydra misses you. x2; The seven-headed hydra bites you!
The seven-headed hydra barely misses you.
The seven-headed hydra bites you.
* * * LOW HITPOINT WARNING * * *
The harpy skeleton claws you!
* * * LOW HITPOINT WARNING * * *
You block the harpy skeleton's attack. The seven-headed hydra bites you.
* * * LOW HITPOINT WARNING * * *
The seven-headed hydra bites you.
* * * LOW HITPOINT WARNING * * *
You block the seven-headed hydra's attack.
The seven-headed hydra completely misses you.
The seven-headed hydra bites you!
* * * LOW HITPOINT WARNING * * *
The seven-headed hydra bites you!
You die...

#####..).......
.....
#..####'###
##### #..# ....
# #..# ...... #
#..# ...... #
###..#.....# #
#....#.....# #
#....'.....# #
#...@#.....#
#..ZD#####.#
#..... #......
.........
...........
######......#
#......#


You could see a seven-headed hydra and a harpy skeleton.

Vanquished Creatures
  A fire giant (D:9)
  A frost giant (IceCv)
  The ghost of B1inky the Tortoise, an adept HaFi of Gozag (D:14)
  Nessos (D:12)
  The ghost of vishdafish the Carver, a journeyman DrBe of Trog (Orc:1)
  Josephine (D:14)
  The ghost of mhoghedin the Covert, a journeyman NaVM of Cheibriados (D:10)
  Harold (Lair:2)
  11 hydras
  Fannar (Lair:2)
  A merfolk avatar (Lair:6)
  14 two-headed ogres
  A centaur warrior (D:14)
  2 dancing weapons (D:13)
  2 ogre magi (Orc:2)
  3 tengu warriors
  2 death yaks (IceCv)
  An orc high priest (Orc:2)
  Nergalle (Lair:2)
  A storm dragon zombie (D:15)
  4 unseen horrors
  A death drake (shapeshifter) (D:15)
  2 deep trolls (Orc:2)
  A sea snake (Lair:6)
  A tengu zombie (D:15)
  A necromancer (D:15)
  2 manticores
  2 deep elf magi (D:12)
  3 cyclopes
  11 ugly things
  A guardian serpent (D:12)
  8 elephants (Lair:6)
  An ice statue (IceCv)
  7 black mambas
  6 centaur zombies
  3 centaur skeletons
  13 spiny frogs
  3 gargoyles
  A torpor snail (Lair:3)
  2 kobold demonologists (D:12)
  2 efreet
  4 rime drakes
  A demonic crawler (Lair:3)
  10 komodo dragons
  A freezing wraith (D:15)
  The ghost of kegs the Skirmisher, an amateur HOFi (D:4)
  3 meliai (D:14)
  13 trolls
  A wind drake (Lair:6)
  A queen bee (D:9)
  7 blink frogs
  13 polar bears
  11 slime creatures
  6 hippogriffs
  A hornet (D:10)
  A spriggan (Lair:3)
  A vampire (D:12)
  7 wyverns
  73 yaks
  6 wraiths (D:15)
  A shadow (D:14)
  A human (D:8)
  A basilisk (D:12)
  2 hogs (D:8)
  9 vampire mosquitoes
  3 hungry ghosts
  2 wargs
  An acid dragon (D:9)
  12 water moccasins
  A two-headed ogre zombie (D:12)
  2 porcupines
  17 orc warriors
  A hornet zombie (D:14)
  3 black bears
  5 sky beasts
  13 ice beasts
  A necrophage (D:12)
  2 phantoms
  An eye of draining (D:15)
  24 ogres
  9 centaurs
  29 wolves
  12 crocodiles
  2 big kobolds
  3 gnoll sergeants
  15 bullfrogs
  3 troll zombies (D:12)
  12 scorpions
  39 killer bees
  6 electric eels
  4 wights (D:10)
  3 howler monkeys (D:8)
  7 crimson imps
  7 hounds
  2 quasits
  2 human zombies (Ossuary)
  5 jellies
  2 bullfrog skeletons
  18 orc priests
  Jessica (D:2)
  6 iguanas
  12 worker ants
  Ijyb (D:4)
  Natasha (D:2)
  32 orc wizards
  A killer bee zombie (D:9)
  A big kobold zombie (Ossuary)
  4 ogre zombies (D:12)
  A hound zombie (D:8)
  A hound skeleton (D:7)
  A howler monkey zombie (D:6)
  3 mummies
  24 gnolls
  5 adders
  5 shadow imps
  An ooze (D:1)
  An adder skeleton (D:4)
  4 worms
  7 leopard geckos
  82 orcs
  3 ball pythons
  7 giant cockroaches
  A gnoll zombie (Ossuary)
  9 hobgoblins
  22 jackals
  8 quokkas
  A ball python skeleton (D:4)
  8 bats
  6 frilled lizards
  5 goblins
  A goblin skeleton (D:12)
  5 goblin zombies
  A hobgoblin skeleton (D:12)
  5 hobgoblin zombies
  13 kobolds
  A kobold zombie (D:5)
  A leopard gecko zombie (D:6)
  24 orc zombies
  A quokka zombie (D:7)
  10 rats
892 creatures vanquished.

Vanquished Creatures (collateral kills)
  An orc (D:12)
1 creature vanquished.

Vanquished Creatures (others)
  A rime drake (IceCv)
  A polar bear (IceCv)
  An ogre (Orc:2)
  8 bushes (D:15)
  13 fungi
  7 plants (Lair:6)
  A withered plant (D:15)
32 creatures vanquished.

Grand Total: 925 creatures vanquished

Notes
Turn   | Place    | Note
-------+----------+-------------------------------------------
     0 | D:1      | varam the Troll Warper began the quest for the Orb.
     0 | D:1      | Reached XP level 1. HP: 19/19 MP: 1/1
   108 | D:1      | Reached XP level 2. HP: 27/27 MP: 2/2
   263 | D:1      | Reached skill level 3 in Unarmed Combat
   406 | D:1      | Learned a level 2 spell: Shroud of Golubria
   959 | D:2      | Reached XP level 3. HP: 30/33 MP: 3/3
  1075 | D:2      | Reached skill level 4 in Unarmed Combat
  1235 | D:2      | Reached XP level 4. HP: 41/41 MP: 4/4
  1421 | D:2      | Reached skill level 5 in Unarmed Combat
  1457 | D:2      | Noticed Jessica
  1500 | D:2      | Killed Jessica
  1500 | D:2      | Reached XP level 5. HP: 21/48 MP: 5/5
  1744 | D:2      | Found an iron altar of Okawaru.
  1750 | D:2      | Noticed Natasha
  1758 | D:2      | Killed Natasha
  1759 | D:2      | Became a worshipper of Warmaster Okawaru
  1980 | D:3      | Reached skill level 6 in Unarmed Combat
  2102 | D:3      | Learned a level 3 spell: Lesser Beckoning
  2162 | D:3      | Reached XP level 6. HP: 54/55 MP: 4/6
  2186 | D:3      | Found a shattered altar of Ashenzari.
  2201 | D:3      | Found a basalt altar of Yredelemnul.
  2282 | D:3      | Found a sacrificial altar of Ru.
  2617 | D:4      | Reached skill level 7 in Unarmed Combat
  2886 | D:4      | Found a staircase to the Ecumenical Temple.
  2987 | D:4      | Noticed Ijyb
  3002 | D:4      | Killed Ijyb
  3053 | D:4      | Reached XP level 7. HP: 62/62 MP: 4/7
  3329 | D:4      | Reached skill level 8 in Unarmed Combat
  3619 | D:4      | Found Niux's Food Emporium.
  3990 | D:4      | Noticed kegs's ghost (amateur HOFi)
  4024 | D:4      | Killed kegs's ghost
  4024 | D:4      | Reached skill level 1 in Charms
  4142 | D:5      | Entered Level 5 of the Dungeon
  4250 | D:5      | Reached * piety under Okawaru
  4250 | D:5      | Reached skill level 2 in Spellcasting
  4263 | D:5      | Reached skill level 3 in Translocations
  4269 | D:5      | Learned a level 4 spell: Passage of Golubria
  4299 | D:5      | Reached XP level 8. HP: 70/70 MP: 10/10
  4354 | D:5      | Reached skill level 2 in Charms
  4427 | D:5      | Found a hazy altar of Hepliaklqana.
  4438 | D:5      | Reached ** piety under Okawaru
  4589 | D:5      | Found a sand-covered staircase.
  4602 | Ossuary  | Entered an ossuary
  4772 | D:5      | Reached skill level 3 in Spellcasting
  4800 | D:5      | Reached skill level 4 in Translocations
  4840 | D:5      | Reached skill level 3 in Charms
  4864 | D:5      | Reached skill level 1 in Throwing
  4864 | D:5      | Reached skill level 2 in Dodging
  5379 | D:6      | Reached skill level 2 in Throwing
  5431 | D:6      | Reached XP level 9. HP: 76/76 MP: 12/12
  5501 | D:6      | Reached skill level 3 in Dodging
  5701 | D:6      | Reached *** piety under Okawaru
  5705 | D:6      | HP: 7/76 [orc priest/divine providence (12)]
  5710 | D:6      | HP: 4/76 [orc priest/hand axe (1)]
  5718 | D:6      | HP: 5/76 [poisoned by an orc wizard]
  5901 | D:7      | Reached skill level 3 in Throwing
  6075 | D:7      | Found an ancient bone altar of Kikubaaqudgha.
  6153 | D:7      | Reached skill level 4 in Dodging
  6213 | D:7      | Reached skill level 4 in Throwing
  6298 | D:7      | Found a white marble altar of Elyvilon.
  6299 | D:7      | Found a stormy altar of Qazlal.
  6711 | D:7      | Found a burning altar of Makhleb.
  6711 | D:7      | Noticed a balrug
  6960 | D:7      | Upgraded the game from 0.22-a0-162-g33bf127 to 0.22-a0-166-g5351223
  7030 | D:8      | Reached skill level 5 in Throwing
  7042 | D:8      | Reached skill level 5 in Dodging
  7127 | D:8      | Found a radiant altar of Vehumet.
  7152 | D:8      | Found a hide-covered altar of Uskayaw.
  7473 | D:8      | Reached skill level 2 in Fighting
  7484 | D:8      | Reached **** piety under Okawaru
  7563 | D:8      | Reached skill level 3 in Fighting
  7568 | D:8      | Reached XP level 10. HP: 46/91 MP: 6/13
  7730 | D:8      | Reached skill level 4 in Fighting
  8074 | D:9      | Reached skill level 5 in Fighting
  8375 | D:9      | Found Ijiarocw's Assorted Antiques.
  8391 | D:9      | Bought a ring of the Octopus King for 145 gold pieces
  8391 | D:9      | Found the ring of the Octopus King
  8391 | D:9      | Identified a ring of the Octopus King {rC+ AC+1 EV+1 Str+1 Int+1 Dex+1} (You bought it in a shop on level 9 of the Dungeon)
  8392 | D:9      | Bought an embroidered robe for 107 gold pieces
  8448 | D:9      | Reached ***** piety under Okawaru
  8508 | D:9      | Reached skill level 9 in Unarmed Combat
  8775 | D:9      | Received a gift from Okawaru
  8794 | D:9      | Reached skill level 10 in Unarmed Combat
  9090 | D:9      | Noticed a fire giant
  9103 | D:9      | Killed a fire giant
  9103 | D:9      | Reached skill level 11 in Unarmed Combat
  9103 | D:9      | Reached XP level 11. HP: 10/102 MP: 1/14
  9309 | D:10     | Entered Level 10 of the Dungeon
  9340 | D:10     | Noticed mhoghedin's ghost (journeyman NaVM)
  9356 | D:10     | Killed mhoghedin's ghost
  9474 | D:10     | Reached skill level 12 in Unarmed Combat
  9506 | D:10     | Noticed a two-headed ogre
  9515 | D:10     | Killed a two-headed ogre
  9515 | D:10     | Received a gift from Okawaru
  9607 | D:10     | Reached skill level 6 in Fighting
  9706 | D:10     | Found a staircase to the Lair.
  9963 | D:10     | Received a gift from Okawaru
  9968 | D:10     | Noticed a two-headed ogre
  9979 | D:10     | Killed a two-headed ogre
  9979 | D:10     | Reached skill level 7 in Fighting
 10372 | D:11     | Noticed a four-headed hydra
 10378 | D:11     | Killed a seven-headed hydra
 10378 | D:11     | Received a gift from Okawaru
 10381 | D:11     | Got a polished lajatang {god gift}
 10382 | D:11     | Identified the +8 lajatang of the Slime-mould {slice, Dex+4} (Okawaru gifted it to you on level 11 of the Dungeon)
 10440 | D:11     | Reached skill level 8 in Fighting
 10582 | D:11     | Reached skill level 1 in Invocations
 10670 | D:11     | Reached skill level 2 in Invocations
 10859 | D:11     | Noticed a green ugly thing
 10873 | D:11     | Killed a green ugly thing
 11108 | D:11     | Killed an unseen horror
 11108 | D:11     | Reached skill level 3 in Invocations
 11108 | D:11     | Reached XP level 12. HP: 15/122 MP: 0/15
 11332 | D:11     | Received a gift from Okawaru
 11678 | D:12     | Reached skill level 4 in Invocations
 11824 | Lair:1   | Entered Level 1 of the Lair of Beasts
 11844 | Lair:1   | Reached skill level 9 in Fighting
 11866 | Lair:1   | Reached skill level 1 in Shields
 11869 | Lair:1   | Found a frozen archway.
 11902 | Lair:1   | Reached skill level 2 in Shields
 11991 | IceCv    | Entered an ice cave
 12017 | IceCv    | Reached skill level 3 in Shields
 12116 | IceCv    | Got a sparkling lead ring
 12118 | IceCv    | Identified the ring of Joy {rN+ Str+4 Stlth+} (You found it in an ice cave)
 12151 | IceCv    | Reached skill level 4 in Shields
 12251 | IceCv    | Noticed a death yak
 12258 | IceCv    | Noticed a death yak
 12275 | IceCv    | Killed a death yak
 12278 | IceCv    | Killed a death yak
 12278 | IceCv    | Reached skill level 5 in Shields
 12356 | IceCv    | Reached skill level 6 in Shields
 12446 | IceCv    | Received a gift from Okawaru
 12574 | IceCv    | Noticed a frost giant
 12605 | IceCv    | Reached skill level 7 in Shields
 12631 | IceCv    | Killed a frost giant
 12631 | IceCv    | Received a gift from Okawaru
 12649 | IceCv    | Got an encrusted hunting sling {god gift}
 12653 | IceCv    | Identified the +8 hunting sling of Saltpetre {flame, rPois MR+ Str-5} (Okawaru gifted it to you in an ice cave)
 13057 | Lair:1   | Reached skill level 8 in Shields
 13097 | Lair:1   | Found a white marble altar of Elyvilon.
 13261 | Lair:1   | Reached XP level 13. HP: 103/131 MP: 12/16
 13777 | Lair:2   | HP: 8/131 [16-headed hydra (14)]
 13886 | Lair:2   | Noticed Harold
 14022 | Lair:2   | Killed Harold
 14157 | Lair:2   | Noticed Fannar
 14170 | Lair:2   | Killed Fannar
 14371 | Lair:2   | Reached skill level 9 in Shields
 14462 | Lair:2   | Noticed Nergalle
 14474 | Lair:2   | Killed Nergalle
 14539 | Lair:2   | Received a gift from Okawaru
 14597 | Lair:2   | Reached ****** piety under Okawaru
 14919 | Lair:3   | Found a hole to the Spider Nest.
 14993 | Lair:3   | Reached skill level 10 in Shields
 15411 | Lair:3   | Reached skill level 5 in Translocations
 15423 | Lair:3   | Received a gift from Okawaru
 15677 | Lair:3   | Reached skill level 6 in Translocations
 16265 | Lair:4   | Found a staircase to the Shoals.
 16946 | Lair:5   | Reached skill level 7 in Translocations
 17883 | Lair:6   | Entered Level 6 of the Lair of Beasts
 17911 | Lair:6   | Reached XP level 14. HP: 140/140 MP: 17/17
 18107 | Lair:6   | Reached skill level 13 in Unarmed Combat
 18474 | Lair:6   | Received a gift from Okawaru
 18637 | Lair:6   | Reached skill level 14 in Unarmed Combat
 18894 | Lair:6   | Found a staircase to the Slime Pits.
 19860 | D:12     | Reached skill level 15 in Unarmed Combat
 19923 | D:12     | Received a gift from Okawaru
 19927 | D:12     | Got a faintly glowing hunting sling {god gift}
 19928 | D:12     | Identified the +0 hunting sling of Fortitude {freeze, rPois} (Okawaru gifted it to you on level 12 of the Dungeon)
 20170 | D:12     | Found a staircase to the Orcish Mines.
 20275 | Orc:1    | Entered Level 1 of the Orcish Mines
 20297 | Orc:1    | Noticed vishdafish's ghost (journeyman DrBe)
 20365 | Orc:1    | Killed vishdafish's ghost
 20607 | Orc:1    | Found Izoic's Jewellery Shop.
 20772 | Orc:2    | Entered Level 2 of the Orcish Mines
 20775 | Orc:2    | Found a staircase to the Elven Halls.
 21214 | Orc:2    | Reached skill level 16 in Unarmed Combat
 21284 | Orc:2    | Reached XP level 15. HP: 114/146 MP: 18/18
 21340 | Orc:2    | Received a gift from Okawaru
 21350 | Orc:2    | Reached skill level 6 in Dodging
 21354 | Orc:2    | Got a distressingly furry hat {god gift}
 21369 | Orc:2    | Identified the -1 hat of the Blue Moon {rC+ rCorr} (Okawaru gifted it to you on level 2 of the Orcish Mines)
 21561 | Orc:2    | Found Onyu's Magic Scroll Emporium.
 21599 | Orc:2    | Found Ziekunwo's Weapon Shoppe.
 21616 | Orc:2    | Found Poboint's Jewellery Boutique.
 21637 | Orc:2    | Found Gahishot's Magic Scroll Shop.
 21669 | Orc:2    | Found Qatohel's Food Emporium.
 21725 | Orc:2    | Bought a scroll of teleportation for 48 gold pieces
 21735 | Orc:2    | Bought a scroll of teleportation for 39 gold pieces
 21735 | Orc:2    | Bought a scroll of teleportation for 39 gold pieces
 22044 | D:12     | Noticed Nessos
 22054 | D:12     | Killed Nessos
 22100 | D:12     | Reached skill level 10 in Fighting
 22192 | D:12     | Reached skill level 7 in Dodging
 22981 | D:13     | Found a glowing golden altar of the Shining One.
 23215 | D:13     | Learned a level 2 spell: Song of Slaying
 23219 | D:13     | Learned a level 3 spell: Regeneration
 23220 | D:13     | Found a gate to the Vaults.
 23719 | D:14     | Noticed B1inky's ghost (adept HaFi)
 23750 | D:14     | Killed B1inky's ghost
 23806 | D:14     | Reached skill level 8 in Dodging
 23923 | D:14     | Reached skill level 1 in Necromancy
 24129 | D:15     | Entered Level 15 of the Dungeon
 24142 | D:14     | Received a gift from Okawaru
 24142 | D:14     | Reached skill level 2 in Necromancy
 24219 | D:15     | Reached skill level 11 in Fighting
 24268 | D:15     | Found a blossoming altar of Fedhas.
 24459 | D:15     | Noticed Josephine
 24491 | D:15     | Reached skill level 3 in Necromancy
 24681 | D:14     | Killed Josephine
 24765 | D:15     | Found a burning altar of Makhleb.
 24836 | D:15     | Reached XP level 16. HP: 139/163 MP: 19/19
 24843 | D:15     | Noticed Sonja
 24881 | D:15     | HP: 4/163 [seven-headed hydra (15)]
 24881 | D:15     | Slain by a seven-headed hydra

Vault maps used:
D:1:      eino_arrival_cavern_d, serial_forest, infiniplex_forest_end_2,
          infiniplex_forest_lined_room_2, infiniplex_forest_clump_curved,
          infiniplex_forest_lined_3_way, infiniplex_forest_end_3
D:2:      okawaru_metal_pillars_3, minmay_misc_feat_plants,
          corexii_corridor_pit, minmay_misc_feat_diagonals, uniq_natasha,
          uniq_jessica
D:3:      overflow_temple_1_default, evilmike_ruin_ashenzari, first_ration,
          nicolae_ru_sacrificial_ziggurat
D:4:      minmay_temple_entry_from_below_a, serial_shops, kennysheep_mini_moat,
          dk_vineyard_2, kennysheep_opposing_triangles, uniq_ijyb
D:5:      nicolae_overflow_crystal_walls, nicolae_ossuary_entry_giza,
          grunt_ministairs_12
D:7:      makhleb_altar_promises_db, nicolae_overflow_hidden_temple,
          gammafunk_temple_overflow_pools, kennysheep_cluttered_room
D:8:      cheibrodos_helix_gallery, fiery_altar_vehumet, lemuel_crystal_altar,
          grunt_livestock
D:9:      special_room, serial_corexii_hall, corexii_hall_statues_t,
          corexii_hall_statues_i, serial_shops, shop_statue,
          kennysheep_just_a_vault
D:10:     lair_entry_dummy
D:12:     kennysheep_room_grid, zombieorc2_lemuel,
          nrook_guardian_serpent_ordinary, uniq_nessos
D:13:     erik_vaults_1, nicolae_tso_swordbearing_angel
D:14:     minmay_misc_feat_x
D:15:     gammafunk_depths_entry_grave, basic_altar,
          minmay_misc_feat_nine_boxes, spider_trap,
          hangedman_abyss_or_decor_slice, fedhas_bush_and_centaur_altar,
          uniq_azrael, uniq_josephine, uniq_sonja
Lair:1:   portal_ice_cave_entry_ice_beasts, lemuel_centaur_altar,
          grunt_megastairs_4, serial_bayou_shore_a, minmay_lair_oklob_chamber,
          serial_bayou_shore_b
Lair:2:   cheibrodos_lair_river_kwai, fungi_pond_lemuel, uniq_nergalle,
          uniq_harold, uniq_fannar
Lair:3:   nicolae_spider_entry_non_spiders, st_stairs_6, columned_hall_lemuel,
          grunt_forest_large_clearing_hut
Lair:4:   minmay_shoals_entry_beasts
Lair:5:   lab_entry_generic, gammafunk_lair_bear_cave
Lair:6:   gammafunk_lair_ancient_temple, minmay_slime_entry_pillars,
          eino_small_chamber_without_monster, lemuel_fruit_fields,
          lemuel_fruit_fields
Orc:1:    serial_shops, nicolae_shop_waterfront
Orc:2:    st_orc_open, serial_shops, shop
Ossuary:  minmay_ossuary_gauntlet
IceCv:    ice_cave_caverns_03

Skill      XL: |  1  2  3  4  5  6  7  8  9 10 11 12 13 14 15 |
---------------+----------------------------------------------+-----
Unarmed Combat | 3 4 5 6 7 8 11 12 16 | 16.0
Charms         | 1 3 |  3.1
Spellcasting   | 2 3 |  3.0
Translocations | 3 4 7 |  7.1
Throwing       | 2 5 |  5.2
Dodging        | 2 5 8 |  8.0
Fighting       | 3 5 8 9 11 | 11.4
Invocations    | 3 4 |  4.1
Shields        | 8 10 | 10.3
Necromancy     | 3 |  3.0

Action                   |  1- 3 |  4- 6 |  7- 9 | 10-12 | 13-15 | 16-18 || total
-------------------------+-------+-------+-------+-------+-------+-------++-------
Melee: Unarmed           |   158 |   145 |   488 |   754 |  1641 |     8 ||  3194
       Punch             |     1 |     3 |    12 |    39 |       |       ||    55
 Fire: Hunting sling     |       |       |       |    19 |       |       ||    19
Throw: Tomahawk          |       |       |     3 |    26 |    17 |       ||    46
       Javelin           |       |       |       |     6 |    68 |       ||    74
       Throwing net      |       |       |       |     6 |     6 |       ||    12
       Large rock        |       |       |       |       |    19 |     2 ||    21
 Cast: Shroud of Golubri |     1 |     5 |    18 |    16 |     5 |       ||    45
       Regeneration      |       |       |       |       |     4 |       ||     4
Invok: Heroism           |       |       |     2 |    20 |    31 |     2 ||    55
       Finesse           |       |       |       |     1 |     4 |     1 ||     6
Evoke: Wand              |       |       |    10 |     6 |     8 |       ||    24
  Use: Scroll            |       |       |     8 |    15 |    18 |       ||    41
       Potion            |       |       |     1 |     4 |     3 |       ||     8
 Stab: Held in net/web   |       |       |       |     2 |     2 |       ||     4
       Sleeping          |       |       |       |     1 |     7 |       ||     8
       Distracted        |       |       |       |       |     3 |       ||     3
       Paralysed         |       |       |       |       |     4 |       ||     4
  Eat: Chunk             |    16 |    18 |    41 |    55 |   123 |       ||   253
Armor: Robe              |    73 |    32 |   114 |   217 |   268 |     4 ||   708
Dodge: Dodged            |    95 |    59 |   198 |   472 |   545 |     9 ||  1378
       Deflected         |       |       |       |       |     1 |     1 ||     2
Block: Shield            |       |       |       |    15 |   756 |    11 ||   782

Table legend:
 A = Spawn XP
 B = Non-spawn XP
 C = Spawn XP percentage of total XP
 D = Spawn monster count
 E = Non-spawn monster count
 F = Spawn count percentage of total count
 G = Total turns spent on level
                    A         B        C        D         E        F      G
               +---------+---------+-------+---------+---------+-------+---------
         Total |       0 |  154246 |   0.0 |       0 |     893 |   0.0 | 24881
               +---------+---------+-------+---------+---------+-------+---------
           D:1 |       0 |      39 |   0.0 |       0 |      23 |   0.0 |   952
           D:2 |       0 |     213 |   0.0 |       0 |      39 |   0.0 |   959
           D:3 |       0 |     171 |   0.0 |       0 |      19 |   0.0 |   641
           D:4 |       0 |     827 |   0.0 |       0 |      21 |   0.0 |  1590
           D:5 |       0 |    1241 |   0.0 |       0 |      36 |   0.0 |  1024
           D:6 |       0 |     508 |   0.0 |       0 |      26 |   0.0 |   555
           D:7 |       0 |    1353 |   0.0 |       0 |      42 |   0.0 |  1126
           D:8 |       0 |    1464 |   0.0 |       0 |      19 |   0.0 |   855
           D:9 |       0 |    5794 |   0.0 |       0 |      55 |   0.0 |  1451
          D:10 |       0 |    5764 |   0.0 |       0 |      42 |   0.0 |  1166
          D:11 |       0 |    7103 |   0.0 |       0 |      38 |   0.0 |  1457
          D:12 |       0 |   14696 |   0.0 |       0 |      99 |   0.0 |  1153
          D:13 |       0 |    5105 |   0.0 |       0 |      20 |   0.0 |   923
          D:14 |       0 |   15102 |   0.0 |       0 |      37 |   0.0 |   705
          D:15 |       0 |   13293 |   0.0 |       0 |      36 |   0.0 |   696
        Lair:1 |       0 |    3680 |   0.0 |       0 |      26 |   0.0 |  1191
        Lair:2 |       0 |    8963 |   0.0 |       0 |      23 |   0.0 |  1244
        Lair:3 |       0 |    7965 |   0.0 |       0 |      41 |   0.0 |  1122
        Lair:4 |       0 |    3036 |   0.0 |       0 |      11 |   0.0 |   984
        Lair:5 |       0 |    6453 |   0.0 |       0 |      25 |   0.0 |  1053
        Lair:6 |       0 |   20524 |   0.0 |       0 |      58 |   0.0 |  1560
         Orc:1 |       0 |    2366 |   0.0 |       0 |      28 |   0.0 |   630
         Orc:2 |       0 |   17922 |   0.0 |       0 |      70 |   0.0 |   977
       Ossuary |       0 |     158 |   0.0 |       0 |      16 |   0.0 |   156
         IceCv |       0 |   10506 |   0.0 |       0 |      43 |   0.0 |   711
               +---------+---------+-------+---------+---------+-------+---------
